AoeStats
← HR Pinkman

Nomad

505329223Analyzed
4v4 RM · 23d ago on Sep 8, 2026· 41m 41s· 8 players
Game mode
Random Map
Map size
231×231
Population
200
Speed
Normal
Resources
Standard
Victory
Conquest
Starting age
Dark Age
Ending age
Imperial Age
RankedLock teamsTeams togetherTeam positionsShared explorationLock speedFull tech treeHidden civsTurbo modeCheats
Victory
Defeat
1731
+14
🇺🇸 Berbers · United States
1683
+16
🇫🇷 Burgundians · France
1681
+16
🇨🇦 Inca · Canada
1404
+26
🇨🇱 Shu · Chile
1899
-27
🇨🇱 Khmer · Chile
1840
-24
🇨🇱 Vikings · Chile
1626
-16
🇨🇱 Portuguese · Chile
1305
-5
Funkyton
5:06 Loom
13:01 Feudal Age
16:39 Castle Age
14:57 Double-Bit Axe
17:39 Bow Saw
17:43 Scale Mail Armor
22:06 Horse Collar
24:47 Town Watch
25:22 Forging
26:15 Wheelbarrow
26:26 Fletching
28:56 Bodkin Arrow
29:30 Ballistics
31:26 Squires
35:18 Chain Mail Armor
38:31 Imperial Age
36:33 Masonry
38:24 Iron Casting
37:56 Champi Runner
39:15 Fabric Shields
38:38 Capped Ram
38:46 Champi Warrior
40:29 Plate Mail Armor
42:37 Blast Furnace
41:11 Elite Champi Warrior
41:39 Arson
41:27 Capped Ram
Bread Pudding With Bum Sauce
6:07 Loom
12:53 Feudal Age
16:32 Castle Age
15:10 Double-Bit Axe
16:37 Fletching
17:17 Bodkin Arrow
28:06 Wheelbarrow
27:56 Padded Archer Armor
30:15 Ballistics
30:16 Leather Archer Armor
32:54 Husbandry
33:06 Bloodlines
39:37 Imperial Age
38:32 Hand Cart
38:13 Gold Mining
38:14 Stone Mining
39:31 Bow Saw
39:40 Crossbowman
39:43 Heavy Cavalry Archer
41:25 Chemistry
40:47 Bracer
Koti
3:51 Loom
13:47 Feudal Age
18:38 Castle Age
17:08 Double-Bit Axe
19:53 Bow Saw
23:42 Scale Mail Armor
25:25 Horse Collar
27:21 Heavy Plow
28:36 Two-Man Saw
28:46 Wheelbarrow
31:07 Hand Cart
32:23 Scale Barding Armor
32:44 Stone Mining
32:45 Gold Mining
34:05 Husbandry
35:03 Crop Rotation
35:11 Gold Shaft Mining
35:11 Stone Shaft Mining
35:22 Chain Barding Armor
35:13 Forging
38:31 Imperial Age
37:29 Iron Casting
37:09 Town Watch
38:26 Treadmill Crane
38:49 Elite Coustillier
39:50 Conscription
40:16 Plate Barding Armor
40:42 Blast Furnace
40:51 Fletching
41:23 Ballistics
Chris
14:38 Feudal Age
12:55 Loom
14:41 Feudal Age
15:58 Town Watch
18:43 Castle Age
16:54 Fishing Lines
19:02 Fletching
19:38 Double-Bit Axe
21:49 Medium Warships
22:30 Bodkin Arrow
30:39 Gillnets
32:07 Wheelbarrow
33:15 Gold Mining
35:50 Bow Saw
35:21 Horse Collar
37:12 Hand Cart
39:33 Imperial Age
37:55 Kasbah
38:35 Hand Cart
38:27 Scale Barding Armor
38:29 Husbandry
38:39 Bloodlines
40:18 Chain Barding Armor
40:09 Forging
39:44 Cavalier
41:45 Plate Barding Armor
42:23 Iron Casting
42:13 Conscription
HR Fast_PIG
11:23 Loom
14:11 Feudal Age
17:51 Castle Age
16:27 Double-Bit Axe
19:23 Bow Saw
19:54 Medium Warships
22:10 Horse Collar
24:37 Wheelbarrow
24:27 Town Watch
30:27 Imperial Age
28:03 Gold Mining
28:17 Heavy Plow
28:28 Padded Archer Armor
29:58 Leather Archer Armor
31:21 Hand Cart
32:10 Chemistry
30:34 Capped Ram
33:10 Thumb Ring
36:50 Elite Skirmisher
38:06 Circumnavigation
38:17 Arquebus
40:24 Bombard Tower
HR Sobek
4:53 Loom
13:03 Feudal Age
16:34 Castle Age
14:47 Double-Bit Axe
17:29 Medium Warships
17:30 Bow Saw
18:06 Town Watch
20:34 Wheelbarrow
21:04 Horse Collar
22:10 Heavy Plow
24:56 Hand Cart
24:32 Gold Mining
24:33 Stone Mining
31:15 Imperial Age
29:35 Ballistics
29:11 Fletching
30:07 Bodkin Arrow
30:23 Crossbowman
32:04 Gold Shaft Mining
33:15 Bracer
33:30 Padded Archer Armor
34:31 Chemistry
38:48 Thumb Ring
38:18 Arbalester
40:37 Conscription
41:50 Bolt Magazine
HR Pinkman
11:08 Loom
13:47 Feudal Age
18:10 Castle Age
16:29 Double-Bit Axe
19:07 Bow Saw
Gol D Ace
4:10 Loom
14:17 Feudal Age
18:11 Castle Age
24:14 Double-Bit Axe
24:11 Horse Collar
31:48 Heavy Plow
31:58 Bow Saw
39:17 Pikeman
39:57 Squires
39:42 Gambesons
39:44 Arson
40:49 Heavy Plow
40:40 Gold Mining
43:42 Imperial Age
Connection lost

Rejoining the realm…

Still unreachable

The connection could not be restored.

Session expired

The server has moved on; the page needs a fresh start.